 Dungeon Crawl Stone Soup version 0.32-a0-834-geaf45d8e21 (webtiles) character file.

Game seed: 2497637780445965977

302 smashvw the Cudgeller (level 6, 0/78 HPs)
             Began as an Armataur Berserker on Mar 25, 2024.
             Was a Believer of Trog.
             Slain by a gnoll
             ... wielding a +0 flail
             ... led by a gnoll bouda
              (4 damage)
             ... on level 6 of the Dungeon.
             The game lasted 00:05:09 (2054 turns).

smashvw the Cudgeller (Armataur Berserker)          Turns: 2054, Time: 00:05:09

Health: 0/78       AC: 23    Str: 24    XL:     6   Next: 14%
Magic:  6/6        EV:  1    Int:  8    God:    Trog [**....]
Gold:   89         SH:  0    Dex:  9    Spells: 5/5 levels left

rFire   . . .        a - +0 mace
rCold   . . .        (no shield)
rNeg    . . .        c - melded +0 plate armour
rPois   +            l - melded +0 helmet
rElec   .            (cloak currently unavailable)
rCorr   .            (gloves currently unavailable)
SInv    .            (no barding)
Will    .....        (no amulet)
Stlth   +            (no ring)
HPRegen 0.33/turn    (no ring)
MPRegen 0.10/turn

%: roll
@: tree-form
A: stationary, stasis, torment immunity, boosted hp, large, (deformed body),
(tough skin 3), (armoured tail), rollpage 1
a: Renounce Religion, Berserk, Trog's Hand


You were on level 6 of the Dungeon.
You worshipped Trog.
Trog was pleased with you.
You were a tree.
You visited 1 branch of the dungeon, and saw 4 of its levels.

You collected 89 gold pieces.

Inventory:

Hand Weapons
 a - a +0 mace (weapon)
Armour
 c - a +0 plate armour (melded)
 l - a +0 helmet (melded)
Jewellery
 h - a ring of magical power
Scrolls
 d - a scroll of silence {unknown}
 e - a scroll of poison {unknown}
 j - a scroll of amnesia {unknown}
 k - a scroll of fog {unknown}
 m - a scroll of enchant armour {unknown}
 o - a scroll of identify {unknown}
Potions
 b - a potion of berserk rage {unknown}
 f - a potion of brilliance {unknown}
 g - a potion of enlightenment {unknown}
 n - a potion of lignification


   Skills:
 + Level 3.9 Fighting
 * Level 4.8 Maces & Flails
 + Level 4.3 Armour
 - Level 1.3 Dodging


You had 5 spell levels left.
You didn't know any spells.
Your spell library was empty.

Dungeon Overview and Level Annotations

Branches:
Dungeon (3/15)

Altars:


Innate Abilities, Weirdness & Mutations

You are a tree.
Your roots penetrate the ground, keeping you stationary.
You cannot be teleported.
You are immune to unholy pain and torment.
Your maximum health is greatly increased.
Your equipment is partially melded.
((Armour fits poorly on your strangely shaped body.))
((You have extremely tough skin. (AC +3)))
((You have a long armoured tail.))
You regenerate magic when rolling toward enemies. (Rampage MPRegen)


Message History

The gnoll barely misses you. The gnoll attacks as it pursues you!
The gnoll hits you but does no damage. The gnoll hits you but does no damage.
The gnoll attacks as it pursues you! The gnoll hits you with a +0 flail.
* * * LOW HITPOINT WARNING * * *
Your attacks no longer feel as feeble.
The gnoll hits you with a +0 flail!
* * * LOW HITPOINT WARNING * * *
Okay, then.
It was a potion of lignification.
You turn into a tree.
Your +0 helmet melds into your body.
Your +0 plate armour melds into your body.
Your roots penetrate the ground.
The gnoll hits you but does no damage.
You barely miss the gnoll. The gnoll barely misses you.
The gnoll hits you but does no damage.
You hit the gnoll.
The gnoll is lightly wounded.
The gnoll hits you but does no damage. x3
You hit the gnoll.
The gnoll is heavily wounded.
The gnoll hits you but does no damage. x2; The gnoll hits you with a +0 flail.
* * * LOW HITPOINT WARNING * * *
You hit the gnoll.
The gnoll is severely wounded.
The gnoll is no longer moving quickly.
The gnoll hits you but does no damage. x4
You hit the gnoll.
The gnoll is severely wounded.
The gnoll is no longer moving quickly. x2
The gnoll hits you but does no damage. The gnoll hits you with a +0 whip.
* * * LOW HITPOINT WARNING * * *
The gnoll hits you but does no damage. x3; The gnoll completely misses you.
You barely miss the gnoll.
The gnoll is severely wounded.
The gnoll hits you but does no damage. x2
The gnoll hits you from afar with a +0 spear.
* * * LOW HITPOINT WARNING * * *
The gnoll bouda barks out a call to the hunt!
The gnolls pick up the pace!
The gnoll hits you but does no damage. The gnoll hits you with a +0 flail.
You die...

.#.........g####.........
...........{g............
.#.........g####.....##
#..........# ##..#....
####+####### #..# #. #..#
#gg# ########g.###
#......♣gg..#
#.......g...#
+.............. ....
#.............# ....
#.............# ....
#............... ....
#...........#### ....
...######+#.# .... ....


You could see a gnoll bouda and 5 gnolls.

Vanquished Creatures
  Sigmund (D:3)
  A scorpion (D:6)
  3 adders
  An adder skeleton (D:2)
  An adder zombie (D:2)
  A ribbon worm (D:2)
  A dart slug (D:3)
  2 ball pythons
  A bat zombie (D:2)
  4 endoplasms
  2 giant cockroaches
  2 goblins
  A hobgoblin (D:3)
  12 kobolds
  2 ball python zombies (D:2)
  5 bats
  3 frilled lizards
  A giant cockroach zombie (D:2)
  A jackal skeleton (D:2)
  5 rats
50 creatures vanquished.

Notes
Turn   | Place    | Note
-------+----------+-------------------------------------------
     0 | D:1      | smashvw the Armataur Berserker began the quest for the Orb.
     0 | D:1      | Reached XP level 1. HP: 18/18 MP: 1/1
   275 | D:1      | Found a faded altar of an unknown god.
   285 | D:1      | Reached XP level 2. HP: 25/25 MP: 2/2
   758 | D:2      | Reached ** piety under Trog
   759 | D:2      | Reached XP level 3. HP: 25/31 MP: 3/3
  1591 | D:3      | Noticed Sigmund
  1604 | D:3      | Killed Sigmund
  1605 | D:3      | Reached XP level 4. HP: 40/40 MP: 4/4
  1605 | D:3      | Reached XP level 5. HP: 46/46 MP: 5/5
  1808 | D:3      | You fall into a shaft and drop 3 floors!
  1827 | D:6      | Reached XP level 6. HP: 51/52 MP: 6/6
  1993 | D:6      | Noticed an ice beast
  2005 | D:6      | Noticed an orc warrior
  2054 | D:6      | Slain by a gnoll

Illustrated notes

Levels and vault maps discovered:
D:1:      roderic_dead_forest, layout_basic, chequers_ecumenical_altar_island
D:2:      layout_loops_corners, serial_undead, serial_undead_f, serial_undead_b,
          serial_undead_e, serial_undead_c, serial_undead_a, serial_undead_b,
          serial_undead_c, serial_undead_e, serial_undead_d, serial_undead_b,
          serial_bayou_ford_a, feat_on_display
D:3:      layout_rooms, marbit_many_paths, uniq_sigmund
D:6:      layout_basic

Skill      XL: |  1  2  3 |
---------------+----------+-----
Maces & Flails | 3 4 |  4.8
Fighting       | 3 |  3.9
Armour         | 3 4 |  4.3
Dodging        | |  1.3

Action                     |  1- 3 |  4- 6 || total
---------------------------+-------+-------++-------
  Melee: Mace              |   122 |    43 ||   165
         Tailslap          |     9 |     2 ||    11
 Invoke: Berserk           |     1 |     1 ||     2
    Use: Scroll            |       |     2 ||     2
         Potion            |       |     1 ||     1
 Armour: Plate armour      |   144 |    76 ||   220
         Skin              |       |    22 ||    22
  Dodge: Dodged            |    27 |    29 ||    56

Table legend: (Time is in decaauts)
 A = Elapsed time spent in this place.
 B = Non-inter-level travel time spent in this place.
 C = Inter-level travel time spent in this place.
 D = Time resting spent in this place.
 E = Time spent auto-exploring this place.
 F = Levels seen in this place.
 G = Mean time per level.
                   A        B        C        D        E       F      G
               +--------+--------+--------+--------+--------+-----+--------+
         Total |   2105 |   2072 |     33 |    130 |   1498 |   4 |  526.2 |
       Dungeon |   2105 |   2072 |     33 |    130 |   1498 |   4 |  526.2 |
               +--------+--------+--------+--------+--------+-----+--------+

Top non-repeatable levels by time:
     D:2: 908 daAuts
     D:1: 640 daAuts
     D:3: 300 daAuts
     D:6: 255 daAuts
